 Dungeon Crawl Stone Soup version 0.23-a0-171-g5ae17c6 (webtiles) character file.

52334 GrunderHorse the Spry (level 14, -8/85 HPs)
             Began as an Octopode Berserker on Sept 13, 2018.
             Was a High Priest of Trog.
             Mangled by a sixfirhy (9 damage)
             ... summoned by an orc high priest
             ... on level 2 of the Orcish Mines.
             The game lasted 00:55:08 (23418 turns).

GrunderHorse the Spry (Octopode Berserker)         Turns: 23418, Time: 00:55:09

Health: -8/85      AC:  2    Str: 16    XL:     14   Next: 63%
Magic:  14/14      EV: 42    Int: 10    God:    Trog [*****.]
Gold:   1251       SH:  8    Dex: 16    Spells: 13/13 levels left

rFire    . . .     SeeInvis .   h - +10 rapier "Xuated" {pierce, Stlth+}
rCold    . . .     Gourm    .   e - +3 buckler
rNeg     . . .     Faith    .   (helmet restricted)
rPois    .         Spirit   .   V - amulet of the acrobat
rElec    .         Reflect  .   u - ring of stealth
rCorr    .         Harm     .   J - +1 ring of protection
MR       ++...                  (no ring)
Stlth    ++++++++..             a - ring of protection from magic
HPRegen  0.24/turn              L - ring of flight
MPRegen  0.14/turn              (no ring)
                                (no ring)
                                (no ring)

@: no status effects
A: almost no armour, stealthy swim, amphibious, 8 rings, constrict 8, camouflage
1, gelatinous body 1
a: Berserk, Trog's Hand, Brothers in Arms, Renounce Religion, Evoke Flight


You were on level 2 of the Orcish Mines.
You worshipped Trog.
Trog was extremely pleased with you.
You were not hungry.

You visited 3 branches of the dungeon, and saw 19 of its levels.
You also visited: Ice Cave.

You collected 2001 gold pieces.
You spent 750 gold pieces at shops.

Inventory:

Hand Weapons
 d - a +2 long sword of holy wrath
 f - a cursed -1 long sword
 h - the +10 rapier "Xuated" (weapon) {pierce, Stlth+}
   (You found it on level 12 of the Dungeon)

   It inflicts extra damage upon your enemies.
   It makes you more stealthy.
 B - a +2 long sword of holy wrath
 I - a +4 scimitar of slicing
 Y - a +0 blowgun
 Z - a +2 falchion of protection
Missiles
 t - 326 stones (quivered)
 C - 2 javelins of returning
 D - 2 needles of sleeping
 M - a throwing net
 U - 22 tomahawks
 X - 6 curare-tipped needles
Armour
 e - a +3 buckler (worn)
Jewellery
 a - a ring of protection from magic (on tentacle)
 l - an uncursed ring of protection from cold
 s - an uncursed ring of teleportation
 u - a ring of stealth (left tentacle)
 v - an uncursed ring of fire
 J - a +1 ring of protection (right tentacle)
 L - a ring of flight (on tentacle)
 O - an uncursed ring of ice
 T - an uncursed ring of protection from fire
 V - an amulet of the acrobat (around mantle)
 W - an uncursed ring of ice
Wands
 x - a wand of flame (86)
 y - a wand of paralysis (12)
 F - a wand of enslavement (13)
 H - a wand of digging (11)
 Q - a wand of disintegration (15)
 S - a wand of iceblast (7)
Scrolls
 g - 9 scrolls of remove curse
 j - 4 scrolls of magic mapping
 q - 4 scrolls of teleportation
 E - 3 scrolls of fear
 R - a scroll of fog
Potions
 c - 4 potions of lignification
 i - a potion of agility
 m - a potion of flight
 n - 3 potions of might
 p - a potion of invisibility
 r - 3 potions of cancellation
 z - 4 potions of curing
 A - 3 potions of brilliance
 G - 2 potions of haste
 K - 2 potions of ambrosia
 P - 2 potions of magic
Miscellaneous
 k - a phial of floods
 o - a lightning rod (4/4)
 N - a lamp of fire
Comestibles
 b - 14 rations
 w - 21 chunks of flesh


   Skills:
 - Level 4.1 Fighting
 - Level 14.0 Long Blades
 - Level 18.0 Dodging
 + Level 10.4 Stealth
 - Level 4.1 Shields


You had 13 spell levels left.
You didn't know any spells.
Your spell library contained the following spells:

 Spells                   Type           Power        Failure   Level  Hunger
 Beastly Appendage        Tmut           #.....       36%         1    ##.....
 Magic Dart               Conj           #...         36%         1    ##.....
 Blink                    Tloc           N/A          50%         2    ###....
 Call Imp                 Summ           #.......     50%         2    ###....
 Searing Ray              Conj           #.....       50%         2    ###....
 Slow                     Hex            #.......     50%         2    ###....
 Sticks to Snakes         Tmut           #.......     50%         2    ###....
 Conjure Flame            Conj/Fire      #.......     75%         3    ####...
 Dazzling Spray           Conj/Hex       #.....       75%         3    ####...
 Mephitic Cloud           Conj/Pois/Air  #.......     75%         3    ####...
 Spider Form              Tmut/Pois      #.........   75%         3    ####...
 Force Lance              Conj/Tloc      #.......     98%         4    #####..
 Fulminant Prism          Conj/Hex       #.........   98%         4    #####..
 Ice Form                 Ice/Tmut       #.......     98%         4    #####..
 Iskenderun's Mystic Bla  Conj           #.......     98%         4    #####..
 Blade Hands              Tmut           #.........   100%        5    ######.


Dungeon Overview and Level Annotations

Branches:
Dungeon (15/15)            Temple (0/1) D:7            Lair (2/6) D:10
    Orc (2/2) D:12            Elf (0/3) Orc:2        Depths (0/5) D:15
  Swamp: Lair:2-4    Shoals: Lair:2-4     Snake: Lair:2-4    Spider: Lair:2-4
 Vaults: D:13-14

Altars:
Ashenzari
Dithmenos
Elyvilon
Fedhas
Gozag
Kikubaaqudgha
Makhleb
Qazlal
Trog
Uskayaw
Beogh

Shops:
D:4 ?   D:9 %   D:10 ?   D:14 *   D:15 =   Orc:2 *(}:

Annotations:
D:3 1 runed door, Bopaloobop's ghost, amateur DsMo


Innate Abilities, Weirdness & Mutations

You cannot wear most types of armour.
You are very stealthy in the water. (Stealth+)
You are amphibious.
You can wear up to eight rings at the same time.
You can use your tentacles to constrict eight enemies at once.
Your skin changes colour to match your surroundings (Stealth+).
Your rubbery body absorbs attacks. (AC +1, EV +1)


Message History

Trog accepts your kill. The sixfirhy completely misses you.
The sixfirhy barely misses you. The sixfirhy hits you. The sixfirhy shocks you!
You block the sixfirhy's attack.
The orc high priest mumbles some strange prayers to Beogh.
The orc warrior hits you with a scimitar!!
You block the sixfirhy's attack.
Items here: )) [[ ††
Okay, then.
The sixfirhy misses you. The sixfirhy completely misses you.
The sixfirhy misses you. The sixfirhy completely misses you.
The orc high priest utters an invocation to Beogh.
The sixfirhy completely misses you. The sixfirhy hits you!
* * * LOW HITPOINT WARNING * * *
The sixfirhy shocks you!
* * * LOW HITPOINT WARNING * * *
The sixfirhy completely misses you. The sixfirhy hits you!
* * * LOW HITPOINT WARNING * * *
The sixfirhy shocks you!
You die...

##.##...#.(#.###...##...))#*,,,**
##.###'#####.##....#...3.##*****
.....#.......##...##.....#
#'##.#....#####...#..o.)##
)).#.#).).#..##..##.....######
.?.#......'..#...#.o....##...##
####.####.#..#.........##.....##
.....#[.#.####...o....##...8...##
.....#).'.####.8@3.8...8)......8#
..⌠..#..#)[)))..)...).))..._....#
.....####.####.8...8..)8)......8#
..........####........##...8...##
.#####.####..#.........##.....##
.#...#....'..#...#......##...##
.#).)#....#.)##..##.....######
.##'##..).#####...#.....##
.............##...##.....#


You could see an orc high priest, a sixfirhy, a smoke demon, an orc warrior and
an orc wizard.

Vanquished Creatures
  An orc warlord (Orc:2)
  Fannar (Lair:2)
  Harold (Lair:2)
  A yaktaur captain (D:15)
  2 ice dragons (IceCv)
  2 two-headed ogres (Orc:2)
  3 centaur warriors
  Sonja (Lair:2)
  3 orc high priests (Orc:2)
  2 skeletal warriors (D:10)
  A wizard (D:12)
  An unseen horror (D:11)
  2 orc knights (Orc:2)
  3 orc sorcerers
  An ugly thing (D:12)
  3 deep elf magi
  2 manticores
  4 cyclopes
  4 spiny frogs
  2 ice statues (IceCv)
  4 centaur skeletons
  A kobold demonologist (D:14)
  A komodo dragon (Lair:2)
  5 rime drakes
  3 yaktaurs (D:15)
  9 trolls
  3 meliai (D:15)
  The ghost of Senri the Ruffian, an amateur DrTm (D:5)
  11 blink frogs
  Prince Ribbit (Lair:2)
  3 meliai zombies
  3 hippogriffs
  5 slime creatures (D:13)
  A vampire (D:12)
  2 wyverns
  9 yaks
  2 wraiths
  A hungry ghost (D:10)
  Grum (D:8)
  3 vampire mosquitoes (D:15)
  Menkaure (D:6)
  5 wargs
  An acid dragon (D:14)
  3 water moccasins
  34 orc warriors
  4 porcupines
  3 sky beasts
  A black bear (D:6)
  2 hornet zombies (D:15)
  5 phantoms
  An eye of draining (D:15)
  20 ice beasts
  14 ogres
  A boggart (D:10)
  17 wolves
  2 necrophages
  12 centaurs
  A crocodile (Lair:1)
  3 big kobolds
  Blork the orc (D:5)
  5 bullfrogs
  2 wyvern zombies
  A water moccasin zombie (D:10)
  6 scorpions
  15 killer bees
  12 wights
  4 electric eels (Lair:1)
  2 jellies
  2 howler monkeys (D:8)
  A centaur zombie (D:10)
  7 crimson imps
  A bullfrog zombie (D:13)
  4 quasits
  4 hounds
  27 orc priests
  4 iguanas
  17 orc wizards
  9 worker ants
  A killer bee zombie (D:5)
  A hound skeleton (D:7)
  4 gnolls (D:3)
  A howler monkey skeleton (D:7)
  20 adders
  4 shadow imps
  An adder skeleton (D:8)
  3 worms
  2 dart slugs (D:1)
  8 leopard geckos
  76 orcs
  9 bats
  5 giant cockroaches
  13 goblins
  7 hobgoblins
  2 jackals (D:9)
  3 quokkas
  2 ball pythons
  5 frilled lizards
  A jackal skeleton (D:4)
  45 kobolds
  A quokka skeleton (D:5)
  5 rats
582 creatures vanquished.

Vanquished Creatures (collateral kills)
  An orc warlord (Orc:1)
  A catoblepas (D:10)
  A two-headed ogre (Orc:2)
  An orc knight (Orc:2)
  4 orc sorcerers
  A centaur zombie (D:14)
  A troll (D:14)
  A hippogriff (D:14)
  7 orc warriors
  An ice beast (D:14)
  An ogre (Orc:2)
  2 centaurs (D:14)
  An orc priest (Orc:2)
  2 orc wizards (Orc:1)
  6 orcs
31 creatures vanquished.

Vanquished Creatures (others)
  A wizard (D:6)
  A warg (Orc:1)
  A phantom (D:10)
  2 plants
5 creatures vanquished.

Grand Total: 618 creatures vanquished

Notes
Turn   | Place    | Note
-------+----------+-------------------------------------------
     0 | D:1      | GrunderHorse the Octopode Berserker began the quest for the
                  | Orb.
     0 | D:1      | Reached XP level 1. HP: 16/16 MP: 1/1
   122 | D:1      | Reached XP level 2. HP: 19/21 MP: 2/2
   471 | D:2      | Reached XP level 3. HP: 21/26 MP: 3/3
   810 | D:2      | Reached skill level 1 in Stealth
   810 | D:2      | Reached XP level 4. HP: 31/31 MP: 4/4
  1184 | D:2      | Reached ** piety under Trog
  1757 | D:3      | Found a burning altar of Makhleb.
  1762 | D:3      | Reached XP level 5. HP: 32/37 MP: 5/5
  1963 | D:3      | Reached skill level 4 in Dodging
  2194 | D:3      | Noticed an ice beast
  2202 | D:3      | Killed an ice beast
  2202 | D:3      | Reached skill level 1 in Shields
  2202 | D:3      | Reached XP level 6. HP: 15/43 MP: 6/6
  2512 | D:3      | Found a runed door.
  2512 | D:3      | Noticed Bopaloobop's ghost (amateur DsMo)
  2928 | D:4      | Noticed a phantom
  3204 | D:4      | Killed a phantom
  3204 | D:4      | Reached skill level 5 in Long Blades
  3556 | D:4      | Reached XP level 7. HP: 33/48 MP: 7/7
  3914 | D:4      | Found Xeaweadi's Magic Scroll Boutique.
  3928 | D:4      | Bought a scroll of enchant armour for 90 gold pieces
  4416 | D:5      | Entered Level 5 of the Dungeon
  4425 | D:5      | Found a runed gate.
  4425 | D:5      | Found a runed gate.
  4426 | D:5      | Found a runed gate.
  4432 | D:5      | Noticed Senri's ghost (amateur DrTm)
  4459 | D:5      | Reached skill level 5 in Dodging
  4546 | D:5      | Found a shattered altar of Ashenzari.
  5014 | D:5      | Noticed Blork the orc
  5022 | D:5      | Killed Blork the orc
  5022 | D:5      | Reached XP level 8. HP: 54/54 MP: 8/8
  5508 | D:6      | Reached skill level 6 in Dodging
  5677 | D:6      | Found a bloodstained altar of Trog.
  5680 | D:6      | Found a blossoming altar of Fedhas.
  5681 | D:6      | Found an ancient bone altar of Kikubaaqudgha.
  5681 | D:6      | Found a stormy altar of Qazlal.
  5721 | D:6      | Found a white marble altar of Elyvilon.
  6174 | D:6      | Found a bloodstained altar of Trog.
  6303 | D:6      | Noticed Menkaure
  6308 | D:6      | Killed Menkaure
  6308 | D:6      | Reached skill level 7 in Dodging
  6388 | D:6      | Reached XP level 9. HP: 58/58 MP: 9/9
  6556 | D:6      | Noticed a wizard
  6561 | D:6      | Killed a wizard
  6771 | D:7      | Reached *** piety under Trog
  6905 | D:7      | Found a staircase to the Ecumenical Temple.
  7056 | D:7      | Reached skill level 8 in Dodging
  7804 | D:8      | Found a hide-covered altar of Uskayaw.
  7815 | D:8      | Noticed Grum
  8252 | D:8      | Killed Grum
  8252 | D:8      | Reached skill level 9 in Dodging
  8267 | D:8      | Reached XP level 10. HP: 38/63 MP: 10/10
  8689 | D:8      | Found a shadowy altar of Dithmenos.
  8873 | D:8      | Received a gift from Trog
  9102 | D:9      | Reached skill level 10 in Long Blades
  9312 | D:5      | Killed Senri's ghost
  9317 | D:5      | Reached skill level 10 in Dodging
  9944 | D:9      | Found Vuirgh's Food Emporium.
 10119 | D:9      | Noticed a centaur warrior
 10148 | D:9      | Killed a centaur warrior
 10277 | D:10     | Entered Level 10 of the Dungeon
 10503 | D:10     | Found a staircase to the Lair.
 10603 | D:10     | Reached skill level 11 in Dodging
 10771 | D:10     | Found Oliprapn's Magic Scroll Boutique.
 10774 | D:10     | Bought 2 scrolls of enchant weapon for 180 gold pieces
 10859 | D:10     | Reached XP level 11. HP: 68/68 MP: 11/11
 11076 | D:10     | Reached **** piety under Trog
 11218 | D:10     | Noticed a skeletal warrior
 11229 | D:10     | Identified 2 scrolls of acquirement
 11396 | Lair:1   | Entered Level 1 of the Lair of Beasts
 11836 | Lair:1   | Reached skill level 12 in Dodging
 11955 | Lair:1   | HP: 5/102 [poisoned by a spiny frog]
 11960 | Lair:1   | HP: 2/102 [poisoned by a spiny frog]
 12830 | Lair:2   | Noticed Fannar
 12843 | Lair:2   | Noticed Sonja
 12845 | Lair:2   | Noticed Harold
 12849 | Lair:2   | Killed Sonja
 12860 | Lair:2   | Killed Harold
 12860 | Lair:2   | Reached XP level 12. HP: 47/74 MP: 12/12
 12987 | Lair:2   | Noticed Prince Ribbit
 12991 | Lair:2   | Killed Fannar
 12991 | Lair:2   | Reached skill level 13 in Dodging
 13008 | Lair:2   | Killed Prince Ribbit
 14094 | D:10     | Noticed a catoblepas
 14138 | D:10     | Killed a catoblepas
 15051 | D:11     | Noticed a death knight
 15163 | D:12     | Reached skill level 14 in Dodging
 15754 | D:12     | Found a staircase to the Orcish Mines.
 15884 | D:12     | You fall through a shaft for 3 floors!
 15884 | D:15     | Entered Level 15 of the Dungeon
 15894 | D:15     | Found Sutoxt's Jewellery Shoppe.
 15917 | D:15     | Noticed a centaur warrior
 16050 | D:15     | Reached XP level 13. HP: 74/79 MP: 13/13
 16081 | D:15     | Bought an uncursed amulet of the acrobat for 480 gold
                  | pieces
 16406 | D:15     | Reached skill level 15 in Dodging
 16470 | D:15     | Noticed a yaktaur captain
 16618 | D:15     | Killed a yaktaur captain
 17594 | D:15     | Reached skill level 16 in Dodging
 17710 | D:15     | Found a staircase to the Depths.
 17827 | D:14     | Found Gozag's Platinum Reserve.
 17830 | D:14     | Found an opulent altar of Gozag.
 18398 | D:13     | Reached ***** piety under Trog
 18472 | D:13     | Found a frozen archway.
 18506 | IceCv    | Entered an ice cave
 18772 | IceCv    | Reached skill level 17 in Dodging
 19066 | IceCv    | Noticed an ice dragon
 19066 | IceCv    | Noticed an ice dragon
 19090 | IceCv    | Killed an ice dragon
 19100 | IceCv    | Killed an ice dragon
 19494 | D:13     | Reached XP level 14. HP: 85/85 MP: 14/14
 19953 | D:12     | Got a transparent rapier
 20033 | D:12     | Identified the +10 rapier "Xuated" {pierce, Stlth+} (You
                  | found it on level 12 of the Dungeon)
 20271 | Orc:1    | Entered Level 1 of the Orcish Mines
 20308 | Orc:1    | Noticed an orc warlord
 20314 | Orc:1    | Killed an orc warlord
 21266 | Orc:2    | Entered Level 2 of the Orcish Mines
 21483 | Orc:2    | Reached skill level 18 in Dodging
 21602 | Orc:2    | Found Pyirhad's Weapon Shop.
 21634 | Orc:2    | Found Bonie's General Store.
 21644 | Orc:2    | Reached skill level 5 in Stealth
 21773 | Orc:2    | Found a roughly hewn altar of Beogh.
 21874 | Orc:2    | Received a gift from Trog
 22467 | Orc:2    | Found a staircase to the Elven Halls.
 23028 | Orc:2    | Found a roughly hewn altar of Beogh.
 23029 | Orc:2    | Noticed an orc warlord
 23074 | Orc:2    | Killed an orc warlord
 23202 | Orc:2    | Found Ruaqiur's Book Boutique.
 23276 | Orc:2    | Reached skill level 10 in Stealth
 23399 | Orc:2    | Found Ymojeamp's Gadget Shop.
 23418 | Orc:2    | HP: 1/85 [sixfirhy[an orc high priest] (11)]
 23418 | Orc:2    | Mangled by a sixfirhy

Vault maps used:
D:1:      ebering_hopf_link, minmay_surrounded
D:2:      first_ration, kennysheep_generic_room_6
D:3:      kennysheep_big_flooded_room, makhleb_blood_cavern_becter,
          ebering_ghost_reflecting_pool
D:4:      serial_shops, nicolae_shop_trees
D:5:      kennysheep_mini, gammafunk_ghost_split, uniq_blork_the_orc
D:6:      minitemple, trog_wizard, uniq_menkaure
D:7:      kennysheep_kobold_camp, temple_fountains
D:8:      overflow_temple_1_default, lemuel_crystal_altar, uniq_grum
D:9:      serial_shops, nicolae_shop_window_shopping, enter_bailey_3
D:10:     minmay_the_grid_3x3, serial_shops, nicolae_shop_behind_doors,
          hangedman_stone_soup
D:12:     david_orc_1_choice, spider_trap
D:13:     portal_ice_cave_rime, kennysheep_generic_room_9
D:14:     erik_vaults_1, nicolae_gozag_zags_fifth_avenue,
          bh_hangedman_babel_library
D:15:     grunt_enter_depths_snipers, serial_shops, nicolae_shop_trees,
          minmay_unpleasant_kobolds
Lair:1:   serial_bayou, serial_bayou_pond_b, serial_bayou_lagoon_b,
          serial_bayou_lake_a, serial_bayou_pond_d
Lair:2:   st_stairs_11, uniq_sonja, uniq_fannar, uniq_prince_ribbit2,
          uniq_harold
Orc:1:    nicolae_orc_accident_1, nicolae_orc_stony_grotto
Orc:2:    pubby_orc_utopia
IceCv:    ice_cave_small_dragons

Skill      XL: |  1  2  3  4  5  6  7  8  9 10 11 12 13 14 |
---------------+-------------------------------------------+-----
Stealth        | 1 2 10 | 10.4
Long Blades    | 4 5 7 9 11 12 14 | 14.0
Dodging        | 4 5 7 9 11 12 14 17 18 | 18.0
Fighting       | 4 |  4.1
Shields        | 1 2 3 4 |  4.1

Action                   |  1- 3 |  4- 6 |  7- 9 | 10-12 | 13-15 || total
-------------------------+-------+-------+-------+-------+-------++-------
Melee: Falchion          |    43 |   110 |   201 |       |       ||   354
       Constrict         |    17 |    29 |    59 |    93 |    71 ||   269
       Tentacles         |    12 |    17 |    65 |   120 |   152 ||   366
       Scimitar          |       |       |    15 |   465 |   283 ||   763
       Rapier            |       |       |       |       |   285 ||   285
Throw: Tomahawk          |       |       |     3 |       |       ||     3
       Stone             |       |       |       |     2 |       ||     2
Invok: Berserk           |       |     5 |    18 |    25 |    24 ||    72
       Trog's Hand       |       |     2 |     4 |     8 |     3 ||    17
       Brothers in Arms  |       |       |       |     3 |     7 ||    10
Evoke: Wand              |       |       |     6 |    20 |    11 ||    37
       Lightning rod     |       |       |       |     4 |       ||     4
  Use: Potion            |       |     2 |       |     6 |     2 ||    10
       Scroll            |       |     1 |     9 |    12 |    15 ||    37
 Stab: Sleeping          |     5 |    11 |    13 |    26 |    22 ||    77
       Distracted        |       |     1 |       |       |     3 ||     4
       Paralysed         |       |       |     2 |     5 |       ||     7
       Confused          |       |       |       |     4 |       ||     4
  Eat: Chunk             |       |     6 |    25 |    42 |    32 ||   105
       Ration            |       |     2 |     2 |     4 |     5 ||    13
Armor: Skin              |     7 |     1 |     3 |     4 |     7 ||    22
Dodge: Dodged            |    34 |    69 |   117 |   311 |   455 ||   986
Block: Buckler           |       |    10 |    56 |   168 |   208 ||   442
       Rpst.: Falchion   |     9 |    11 |    25 |       |       ||    45
       Scimitar          |       |       |     1 |    97 |    58 ||   156

Table legend:
 A = Non-vault XP
 B = Vault XP
 C = Vault XP percentage of total XP
 D = Non-vault monster count
 E = Vault monster count
 F = Vault count percentage of total count
                 A         B        C        D         E       F
            +---------+---------+-------+---------+---------+-------
      Total |   39859 |   34904 |  46.7 |     358 |     256 |  41.7
            +---------+---------+-------+---------+---------+-------
        D:1 |      27 |       6 |  18.2 |      13 |       4 |  23.5
        D:2 |     108 |       1 |   0.9 |      26 |       1 |   3.7
        D:3 |     237 |      48 |  16.8 |      21 |       3 |  12.5
        D:4 |     327 |       0 |   0.0 |      17 |       0 |   0.0
        D:5 |     610 |     595 |  49.4 |      17 |       6 |  26.1
        D:6 |     932 |     172 |  15.6 |      13 |       1 |   7.1
        D:7 |     593 |     357 |  37.6 |      12 |      23 |  65.7
        D:8 |    1655 |     302 |  15.4 |      25 |       2 |   7.4
        D:9 |    2180 |       8 |   0.4 |      22 |       4 |  15.4
       D:10 |    1160 |    3559 |  75.4 |      17 |      22 |  56.4
       D:11 |    1642 |       0 |   0.0 |      20 |       0 |   0.0
       D:12 |    3296 |     429 |  11.5 |      13 |       9 |  40.9
       D:13 |    5443 |     751 |  12.1 |      30 |       2 |   6.2
       D:14 |    1447 |       0 |   0.0 |      10 |       0 |   0.0
       D:15 |    8424 |    2418 |  22.3 |      35 |       9 |  20.5
     Lair:1 |    6999 |      90 |   1.3 |      38 |       1 |   2.6
     Lair:2 |    2400 |    3752 |  61.0 |      11 |       7 |  38.9
      Orc:1 |    2379 |     537 |  18.4 |      18 |       4 |  18.2
      Orc:2 |       0 |   16582 | 100.0 |       0 |     138 | 100.0
      IceCv |       0 |    5297 | 100.0 |       0 |      20 | 100.0
            +---------+---------+-------+---------+---------+-------
